[ AOE2 MATCH · #507185161 ]
UnrankedPersians vs Lithuanians
[ REPLAY ANALYSIS · EXTRACTED FROM THE RECORDED GAME ]
Feudal
14:14
Castle
21:10
Imperial
—
| APM avg | 42.3 |
| APM peak | 85 |
| eAPM avg | 21.2 |
| Villagers / military | 59 / 2 |
Focus
⚔️ 19.1% · 🌾 80.9%
Fishing Ship ×23 · War Elephant ×2
Feudal
14:33
Castle
22:18
Imperial
—
| APM avg | 40.5 |
| APM peak | 76 |
| eAPM avg | 20.9 |
| Villagers / military | 66 / 91 |
Focus
⚔️ 48.5% · 🌾 51.5%
Galley ×89 · Fishing Ship ×12 · Demolition Raft ×2 · Trade Cog ×1
Feudal
13:17
Castle
18:48
Imperial
—
| APM avg | 50.4 |
| APM peak | 156 |
| eAPM avg | 21.6 |
| Villagers / military | 64 / 40 |
Focus
⚔️ 30.7% · 🌾 69.3%
Knight ×22 · Scout Cavalry ×12 · Fishing Ship ×11 · Mangonel ×5 · Monk ×1
Feudal
16:58
Castle
20:41
Imperial
—
| APM avg | 34.3 |
| APM peak | 67 |
| eAPM avg | 22.0 |
| Villagers / military | 85 / 4 |
Focus
⚔️ 30.9% · 🌾 69.1%
Fishing Ship ×34 · Unknown (2626) ×11 · Monk ×4
Feudal
12:30
Castle
25:06
Imperial
—
| APM avg | 38.3 |
| APM peak | 62 |
| eAPM avg | 14.7 |
| Villagers / military | 58 / 3 |
Focus
⚔️ 21.0% · 🌾 79.0%
Fishing Ship ×10 · Monk ×2 · Spearman ×1
Feudal
—
Castle
—
Imperial
—
| APM avg | 20.4 |
| APM peak | 48 |
| eAPM avg | 13.8 |
| Villagers / military | 67 / 0 |
Focus
⚔️ 24.3% · 🌾 75.7%
Fishing Ship ×16
Feudal
13:15
Castle
—
Imperial
—
| APM avg | 20.7 |
| APM peak | 52 |
| eAPM avg | 12.1 |
| Villagers / military | 28 / 0 |
Focus
⚔️ 30.0% · 🌾 70.0%
Fishing Ship ×4 · Unknown (2626) ×1
Feudal
12:49
Castle
18:54
Imperial
—
| APM avg | 65.6 |
| APM peak | 142 |
| eAPM avg | 26.4 |
| Villagers / military | 54 / 69 |
Focus
⚔️ 19.6% · 🌾 80.4%
Galley ×36 · Fire Galley ×22 · Fishing Ship ×13 · Genoese Crossbowman ×9 · Battering Ram ×1 · Demolition Raft ×1
Match map
Initial resources + every placement click. Lines = walls · curves = elevation contours. ◆ gold · ⬟ stone · ● berries · ✦ relic · ◌ wall gap
Your base· Open — unwalled flank
SpawnShark's base· Open — 7t gap
ELBO | SirCaracol's base· Open — 9t gap
machpatel's base· Open — unwalled flank
GareBear330's base· Open — unwalled flank
PoopMaster's base· Open — 8t gap
姬七兮's base· Open — 14t gap
EWC Beethoven's base· Open — unwalled flank
Smoothed initial terrain · ◌ = detected wall gap · hover for details
Inputs per minute
— EWC KukaLLi7 - - SpawnShark
Build order — EWC KukaLLi7
139 actions detected in the replay
| 0:26 | Build | Town Center |
| 1:57 | Build | Dock |
| 1:58 | Build | House |
| 2:38 | Queue | Fishing Ship |
| 2:39 | Queue | Fishing Ship |
| 2:40 | Queue | Villager (Male) |
| 2:40 | Queue | Villager (Male) |
| 2:40 | Queue | Villager (Male) |
| 2:41 | Queue | Villager (Male) |
| 2:41 | Queue | Villager (Male) |
| 2:41 | Queue | Villager (Male) |
| 3:38 | Build | House |
| 4:12 | Queue | Fishing Ship |
| 4:12 | Queue | Fishing Ship |
| 4:26 | Research | Loom |
| 4:26 | Research | Loom |
| 4:37 | Queue | Villager (Male) |
| 4:37 | Queue | Villager (Male) |
| 4:54 | Queue | Fishing Ship |
| 4:55 | Queue | Fishing Ship |
| 5:27 | Queue | Fishing Ship |
| 5:28 | Queue | Fishing Ship |
| 5:30 | Queue | Villager (Male) |
| 5:31 | Queue | Villager (Male) |
| 6:16 | Queue | Villager (Male) |
| 6:16 | Queue | Villager (Male) |
| 6:21 | Queue | Fishing Ship |
| 6:21 | Queue | Fishing Ship |
| 6:24 | Build | House |
| 6:36 | Queue | Fishing Ship |
| 6:36 | Queue | Fishing Ship |
| 6:45 | Queue | Villager (Male) |
| 6:46 | Queue | Villager (Male) |
| 6:46 | Queue | Villager (Male) |
| 6:47 | Queue | Villager (Male) |
| 7:04 | Build | House |
| 7:09 | Queue | Fishing Ship |
| 7:09 | Queue | Fishing Ship |
| 7:50 | Build | Palisade Wall |
| 7:51 | Build | Palisade Wall |
| 8:09 | Queue | Villager (Male) |
| 8:12 | Queue | Villager (Male) |
| 8:13 | Queue | Villager (Male) |
| 8:26 | Queue | Villager (Male) |
| 8:31 | Build | Dock |
| 8:35 | Build | House |
| 8:53 | Queue | Villager (Male) |
| 9:07 | Queue | Fishing Ship |
| 9:16 | Build | House |
| 9:41 | Queue | Fishing Ship |
| 9:41 | Queue | Fishing Ship |
| 9:59 | Build | Lumber Camp |
| 10:13 | Queue | Villager (Male) |
| 10:26 | Queue | Fishing Ship |
| 10:33 | Queue | Fishing Ship |
| 10:34 | Queue | Fishing Ship |
| 10:36 | Queue | Villager (Male) |
| 10:48 | Queue | Villager (Male) |
| 10:49 | Queue | Villager (Male) |
| 11:07 | Build | House |
| 11:08 | Queue | Fishing Ship |
| 11:26 | Build | Mining Camp |
| 11:46 | Build | Outpost |
| 11:58 | Build | Outpost |
| 12:10 | Research | Feudal Age |
| 12:10 | Research | Feudal Age |
| 13:03 | Queue | Fishing Ship |
| 13:05 | Queue | Fishing Ship |
| 13:28 | Build | Dock |
| 13:56 | Queue | Villager (Male) |
| 13:56 | Queue | Villager (Male) |
| 14:14 | Age | Feudal Age |
| 14:20 | Build | Blacksmith |
| 14:29 | Build | Mill |
| 14:32 | Research | Wheelbarrow |
| 14:32 | Research | Wheelbarrow |
| 15:20 | Build | Watch Tower |
| 16:12 | Build | Lumber Camp |
| 18:01 | Build | Market |
| 18:45 | Research | Castle Age |
| 18:45 | Research | Castle Age |
| 19:22 | Build | Watch Tower |
| 19:52 | Build | Lumber Camp |
| 20:12 | Build | House |
| 21:10 | Age | Castle Age |
| 21:16 | Build | Castle |
| 22:04 | Queue | Villager (Male) |
| 22:04 | Queue | Villager (Male) |
| 22:41 | Queue | War Elephant |
| 22:41 | Queue | War Elephant |
| 23:14 | Queue | Villager (Male) |
| 23:15 | Queue | Villager (Male) |
| 23:15 | Queue | Villager (Male) |
| 23:15 | Queue | Villager (Male) |
| 23:16 | Queue | Villager (Male) |
| 23:22 | Build | Town Center |
| 23:46 | Queue | Villager (Male) |
| 23:47 | Queue | Villager (Male) |
| 24:03 | Queue | Villager (Male) |
| 24:27 | Queue | Villager (Male) |
| 24:27 | Queue | Villager (Male) |
| 24:27 | Queue | Villager (Male) |
| 24:28 | Queue | Villager (Male) |
| 25:25 | Build | Town Center |
| 25:39 | Build | Farm |
| 25:44 | Build | House |
| 25:46 | Queue | Villager (Male) |
| 25:46 | Queue | Villager (Male) |
| 25:59 | Build | Farm |
| 26:02 | Queue | Villager (Male) |
| 26:02 | Queue | Villager (Male) |
| 26:28 | Build | Farm |
| 26:31 | Build | Farm |
| 26:40 | Build | Farm |
| 26:44 | Build | Farm |
| 26:49 | Build | Farm |
| 26:56 | Build | House |
| 27:01 | Queue | Villager (Male) |
| 27:01 | Queue | Villager (Male) |
| 27:19 | Build | Farm |
| 27:28 | Build | Farm |
| 27:34 | Queue | Villager (Male) |
| 27:35 | Queue | Villager (Male) |
| 27:54 | Build | Farm |
| 27:59 | Research | Horse Collar |
| 27:59 | Research | Horse Collar |
| 28:13 | Build | Farm |
| 28:21 | Queue | Villager (Male) |
| 28:21 | Queue | Villager (Male) |
| 28:26 | Queue | Villager (Male) |
| 28:26 | Queue | Villager (Male) |
| 28:30 | Queue | Villager (Male) |
| 28:38 | Queue | Villager (Male) |
| 28:38 | Queue | Villager (Male) |
| 28:54 | Queue | Villager (Male) |
| 28:54 | Queue | Villager (Male) |
| 29:00 | Build | Barracks |
| 29:06 | Build | Barracks |
| 29:08 | Queue | Villager (Male) |
Build order — SpawnShark
First 150 of 251 actions detected
| 0:22 | Build | Town Center |
| 0:33 | Build | Dock |
| 0:35 | Build | House |
| 2:40 | Queue | Villager (Male) |
| 2:40 | Queue | Villager (Male) |
| 2:41 | Queue | Villager (Male) |
| 2:41 | Queue | Villager (Male) |
| 2:41 | Queue | Villager (Male) |
| 2:41 | Queue | Villager (Male) |
| 2:41 | Queue | Villager (Male) |
| 3:41 | Queue | Fishing Ship |
| 3:41 | Queue | Villager (Male) |
| 4:28 | Build | Palisade Wall |
| 4:37 | Queue | Fishing Ship |
| 5:00 | Queue | Villager (Male) |
| 5:28 | Research | Loom |
| 5:57 | Queue | Villager (Male) |
| 5:58 | Queue | Fishing Ship |
| 5:59 | Queue | Fishing Ship |
| 5:59 | Queue | Villager (Male) |
| 5:59 | Queue | Villager (Male) |
| 6:15 | Build | House |
| 6:48 | Queue | Fishing Ship |
| 6:51 | Queue | Villager (Male) |
| 6:58 | Build | House |
| 7:19 | Queue | Villager (Male) |
| 7:20 | Queue | Villager (Male) |
| 7:23 | Queue | Fishing Ship |
| 7:23 | Queue | Fishing Ship |
| 7:45 | Queue | Villager (Male) |
| 7:46 | Queue | Villager (Male) |
| 8:10 | Build | Outpost |
| 8:13 | Queue | Villager (Male) |
| 8:13 | Queue | Fishing Ship |
| 8:14 | Queue | Villager (Male) |
| 8:14 | Queue | Villager (Male) |
| 8:28 | Build | House |
| 8:56 | Queue | Villager (Male) |
| 8:56 | Queue | Villager (Male) |
| 8:57 | Queue | Villager (Male) |
| 9:01 | Build | Palisade Wall |
| 9:03 | Build | Palisade Wall |
| 9:04 | Build | Palisade Wall |
| 9:07 | Build | Palisade Wall |
| 9:15 | Queue | Villager (Male) |
| 9:20 | Build | House |
| 9:24 | Queue | Fishing Ship |
| 9:25 | Queue | Villager (Male) |
| 9:46 | Queue | Fishing Ship |
| 9:52 | Build | House |
| 10:11 | Queue | Fishing Ship |
| 10:12 | Queue | Villager (Male) |
| 10:36 | Build | House |
| 10:41 | Build | Palisade Wall |
| 10:42 | Build | Palisade Wall |
| 10:47 | Build | Palisade Wall |
| 10:50 | Build | Palisade Wall |
| 10:51 | Build | Palisade Wall |
| 10:53 | Build | Palisade Wall |
| 10:57 | Queue | Villager (Male) |
| 10:59 | Queue | Villager (Male) |
| 11:32 | Build | Lumber Camp |
| 11:37 | Queue | Fishing Ship |
| 11:37 | Queue | Villager (Male) |
| 11:47 | Queue | Villager (Male) |
| 12:05 | Build | Mining Camp |
| 12:12 | Research | Feudal Age |
| 12:43 | Build | Palisade Wall |
| 12:46 | Build | Palisade Wall |
| 12:47 | Build | Palisade Wall |
| 12:49 | Build | Palisade Wall |
| 12:58 | Build | Dock |
| 13:15 | Queue | Villager (Male) |
| 13:15 | Queue | Villager (Male) |
| 13:41 | Build | House |
| 13:54 | Build | House |
| 14:32 | Build | House |
| 14:33 | Age | Feudal Age |
| 14:36 | Build | Blacksmith |
| 14:37 | Queue | Galley |
| 14:39 | Queue | Galley |
| 14:40 | Queue | Villager (Male) |
| 14:46 | Research | Double-Bit Axe |
| 14:47 | Research | Gold Mining |
| 14:47 | Research | Gold Mining |
| 15:19 | Queue | Galley |
| 15:23 | Build | House |
| 15:24 | Research | Fletching |
| 15:25 | Research | Fletching |
| 15:27 | Build | Stone Wall |
| 15:29 | Build | Stone Wall |
| 15:30 | Build | Stone Wall |
| 15:35 | Queue | Villager (Male) |
| 15:38 | Queue | Galley |
| 15:42 | Queue | Galley |
| 15:42 | Queue | Galley |
| 15:54 | Queue | Galley |
| 15:55 | Queue | Villager (Male) |
| 16:06 | Queue | Galley |
| 16:22 | Build | Stone Wall |
| 16:24 | Build | Stone Wall |
| 16:26 | Build | Stone Wall |
| 16:31 | Queue | Villager (Male) |
| 16:32 | Queue | Villager (Male) |
| 16:33 | Queue | Galley |
| 16:44 | Build | Stone Wall |
| 16:46 | Build | Stone Wall |
| 16:52 | Queue | Galley |
| 16:58 | Build | House |
| 16:59 | Build | House |
| 17:05 | Queue | Galley |
| 17:11 | Build | Gate |
| 17:25 | Queue | Galley |
| 17:25 | Queue | Galley |
| 17:26 | Queue | Villager (Male) |
| 17:26 | Queue | Villager (Male) |
| 17:27 | Queue | Villager (Male) |
| 17:36 | Queue | Galley |
| 17:37 | Queue | Galley |
| 17:38 | Queue | Villager (Male) |
| 17:43 | Build | Mill |
| 18:05 | Queue | Galley |
| 18:31 | Build | Market |
| 18:57 | Build | Blacksmith |
| 19:02 | Queue | Villager (Male) |
| 19:09 | Queue | Galley |
| 19:38 | Research | Castle Age |
| 19:38 | Research | Castle Age |
| 19:39 | Queue | Galley |
| 19:40 | Queue | Galley |
| 19:40 | Queue | Galley |
| 19:41 | Queue | Galley |
| 20:05 | Queue | Villager (Male) |
| 20:17 | Queue | Galley |
| 20:18 | Queue | Galley |
| 20:18 | Queue | Villager (Male) |
| 20:26 | Build | Dock |
| 20:34 | Build | House |
| 20:42 | Queue | Demolition Raft |
| 20:48 | Build | Stone Wall |
| 20:56 | Build | Lumber Camp |
| 21:07 | Queue | Galley |
| 21:15 | Build | House |
| 21:37 | Queue | Galley |
| 22:02 | Queue | Galley |
| 22:02 | Queue | Galley |
| 22:18 | Age | Castle Age |
| 22:24 | Research | War Galley (upgrade) |
| 22:24 | Research | War Galley (upgrade) |
| 22:27 | Research | Bodkin Arrow |
Build order — ELBO | SirCaracol
First 150 of 178 actions detected
| 0:07 | Build | Town Center |
| 1:10 | Build | Dock |
| 1:16 | Build | Palisade Wall |
| 1:17 | Build | Palisade Wall |
| 1:55 | Build | House |
| 2:29 | Queue | Villager (Male) |
| 2:29 | Queue | Villager (Male) |
| 2:29 | Queue | Villager (Male) |
| 2:29 | Queue | Villager (Male) |
| 3:44 | Queue | Fishing Ship |
| 3:47 | Queue | Villager (Male) |
| 3:47 | Queue | Villager (Male) |
| 3:48 | Research | Loom |
| 4:45 | Build | House |
| 4:47 | Build | House |
| 4:58 | Queue | Villager (Male) |
| 4:59 | Queue | Villager (Male) |
| 5:11 | Build | Palisade Wall |
| 5:14 | Build | Palisade Wall |
| 5:16 | Build | Palisade Wall |
| 5:30 | Queue | Villager (Male) |
| 5:30 | Queue | Villager (Male) |
| 5:46 | Queue | Fishing Ship |
| 5:46 | Queue | Fishing Ship |
| 5:53 | Queue | Villager (Male) |
| 5:53 | Queue | Villager (Male) |
| 6:19 | Queue | Villager (Male) |
| 6:20 | Queue | Villager (Male) |
| 6:28 | Queue | Fishing Ship |
| 6:28 | Queue | Fishing Ship |
| 6:46 | Queue | Villager (Male) |
| 6:47 | Queue | Villager (Male) |
| 7:02 | Queue | Villager (Male) |
| 7:02 | Queue | Villager (Male) |
| 7:04 | Queue | Fishing Ship |
| 7:04 | Queue | Fishing Ship |
| 7:20 | Build | House |
| 7:21 | Build | House |
| 7:34 | Queue | Villager (Male) |
| 7:34 | Queue | Villager (Male) |
| 7:51 | Queue | Villager (Male) |
| 7:51 | Queue | Villager (Male) |
| 7:54 | Queue | Fishing Ship |
| 7:54 | Queue | Fishing Ship |
| 8:04 | Build | House |
| 8:21 | Queue | Villager (Male) |
| 8:22 | Queue | Villager (Male) |
| 8:22 | Queue | Villager (Male) |
| 8:31 | Queue | Fishing Ship |
| 8:41 | Queue | Villager (Male) |
| 8:41 | Queue | Villager (Male) |
| 8:50 | Build | Palisade Wall |
| 8:52 | Build | Palisade Wall |
| 8:53 | Build | Palisade Wall |
| 8:54 | Build | Palisade Wall |
| 9:44 | Queue | Villager (Male) |
| 9:51 | Build | Mill |
| 10:07 | Build | Mill |
| 10:09 | Queue | Villager (Male) |
| 10:28 | Build | House |
| 10:31 | Queue | Villager (Male) |
| 11:07 | Research | Feudal Age |
| 11:07 | Research | Feudal Age |
| 11:15 | Build | Barracks |
| 12:04 | Build | Mining Camp |
| 12:48 | Queue | Villager (Male) |
| 13:17 | Age | Feudal Age |
| 13:20 | Build | Stable |
| 13:24 | Build | Blacksmith |
| 13:44 | Queue | Villager (Male) |
| 14:00 | Research | Tech 906 |
| 14:10 | Build | Mill |
| 14:14 | Queue | Villager (Male) |
| 14:26 | Queue | Scout Cavalry |
| 14:26 | Queue | Scout Cavalry |
| 14:32 | Build | Market |
| 14:39 | Research | Scale Barding Armor |
| 14:42 | Research | Forging |
| 14:43 | Queue | Villager (Male) |
| 14:50 | Build | House |
| 14:51 | Build | House |
| 14:53 | Build | House |
| 14:59 | Queue | Scout Cavalry |
| 15:01 | Queue | Villager (Male) |
| 15:14 | Build | Lumber Camp |
| 15:36 | Queue | Villager (Male) |
| 16:08 | Research | Castle Age |
| 16:39 | Queue | Scout Cavalry |
| 16:48 | Build | Stable |
| 17:12 | Queue | Scout Cavalry |
| 17:20 | Build | Mill |
| 17:38 | Queue | Scout Cavalry |
| 17:56 | Research | Scale Barding Armor |
| 18:48 | Age | Castle Age |
| 18:51 | Build | Siege Workshop |
| 18:58 | Queue | Knight |
| 18:58 | Queue | Knight |
| 18:58 | Queue | Knight |
| 18:59 | Queue | Knight |
| 19:01 | Queue | Villager (Male) |
| 19:05 | Build | Monastery |
| 19:29 | Queue | Villager (Male) |
| 19:30 | Queue | Knight |
| 19:30 | Queue | Knight |
| 19:30 | Queue | Knight |
| 19:59 | Research | Husbandry |
| 20:08 | Build | Dock |
| 20:14 | Queue | Fishing Ship |
| 20:27 | Queue | Knight |
| 20:34 | Build | Mill |
| 20:51 | Queue | Knight |
| 20:51 | Queue | Knight |
| 21:01 | Build | House |
| 21:02 | Build | House |
| 21:05 | Build | House |
| 21:06 | Build | House |
| 21:12 | Queue | Mangonel |
| 21:16 | Build | House |
| 21:36 | Research | Bloodlines |
| 21:36 | Research | Bloodlines |
| 21:38 | Build | House |
| 21:41 | Queue | Villager (Male) |
| 22:05 | Build | Mining Camp |
| 22:14 | Research | Light Cavalry (upgrade) |
| 22:58 | Queue | Knight |
| 22:58 | Queue | Knight |
| 22:58 | Queue | Knight |
| 23:03 | Queue | Mangonel |
| 23:03 | Queue | Mangonel |
| 23:27 | Queue | Knight |
| 23:28 | Queue | Knight |
| 24:12 | Queue | Mangonel |
| 24:12 | Queue | Villager (Male) |
| 24:14 | Queue | Scout Cavalry |
| 24:14 | Queue | Scout Cavalry |
| 24:14 | Queue | Scout Cavalry |
| 24:14 | Queue | Scout Cavalry |
| 24:15 | Queue | Scout Cavalry |
| 24:15 | Queue | Scout Cavalry |
| 24:41 | Queue | Villager (Male) |
| 24:41 | Queue | Villager (Male) |
| 24:52 | Queue | Mangonel |
| 24:53 | Queue | Villager (Male) |
| 24:53 | Queue | Villager (Male) |
| 24:56 | Build | House |
| 24:58 | Build | House |
| 24:58 | Build | House |
| 24:59 | Build | House |
| 24:59 | Build | House |
| 25:07 | Queue | Knight |
Build order — machpatel
First 150 of 177 actions detected
| 0:45 | Build | Town Center |
| 1:48 | Build | Dock |
| 2:03 | Build | Palisade Wall |
| 2:04 | Build | Palisade Wall |
| 2:54 | Queue | Villager (Male) |
| 2:54 | Queue | Villager (Male) |
| 2:55 | Queue | Villager (Male) |
| 2:55 | Queue | Villager (Male) |
| 3:51 | Queue | Fishing Ship |
| 4:06 | Build | House |
| 4:49 | Queue | Villager (Male) |
| 4:49 | Queue | Villager (Male) |
| 4:59 | Queue | Fishing Ship |
| 4:59 | Queue | Fishing Ship |
| 5:04 | Research | Loom |
| 5:31 | Build | House |
| 5:51 | Queue | Villager (Male) |
| 5:51 | Queue | Villager (Male) |
| 5:55 | Queue | Fishing Ship |
| 6:13 | Build | House |
| 6:36 | Queue | Villager (Male) |
| 6:42 | Queue | Fishing Ship |
| 6:55 | Build | House |
| 7:16 | Queue | Villager (Male) |
| 7:21 | Build | House |
| 7:25 | Queue | Fishing Ship |
| 7:33 | Build | Palisade Wall |
| 7:47 | Queue | Villager (Male) |
| 8:06 | Build | House |
| 8:09 | Queue | Fishing Ship |
| 8:22 | Queue | Villager (Male) |
| 8:40 | Build | House |
| 8:42 | Queue | Fishing Ship |
| 8:52 | Build | Palisade Wall |
| 8:55 | Queue | Fishing Ship |
| 8:58 | Queue | Villager (Male) |
| 8:59 | Queue | Villager (Male) |
| 9:21 | Build | Dock |
| 9:30 | Build | Palisade Wall |
| 9:45 | Queue | Villager (Male) |
| 9:45 | Queue | Villager (Male) |
| 9:48 | Queue | Fishing Ship |
| 9:58 | Build | Palisade Wall |
| 10:18 | Queue | Villager (Male) |
| 10:18 | Queue | Villager (Male) |
| 10:22 | Queue | Fishing Ship |
| 10:43 | Build | Lumber Camp |
| 11:00 | Queue | Villager (Male) |
| 11:07 | Queue | Villager (Male) |
| 11:07 | Queue | Villager (Male) |
| 11:15 | Queue | Villager (Male) |
| 11:15 | Queue | Villager (Male) |
| 11:18 | Queue | Fishing Ship |
| 11:31 | Queue | Fishing Ship |
| 11:31 | Queue | Fishing Ship |
| 11:38 | Build | Palisade Wall |
| 11:40 | Build | Palisade Wall |
| 12:04 | Build | Lumber Camp |
| 12:07 | Queue | Villager (Male) |
| 12:20 | Queue | Fishing Ship |
| 12:28 | Queue | Fishing Ship |
| 12:28 | Queue | Fishing Ship |
| 12:43 | Queue | Villager (Male) |
| 12:44 | Queue | Villager (Male) |
| 12:44 | Queue | Villager (Male) |
| 12:46 | Queue | Villager (Male) |
| 13:06 | Build | House |
| 13:11 | Queue | Fishing Ship |
| 13:12 | Queue | Fishing Ship |
| 13:12 | Queue | Fishing Ship |
| 13:39 | Build | Palisade Wall |
| 13:45 | Build | Palisade Wall |
| 13:47 | Build | Palisade Wall |
| 13:49 | Queue | Fishing Ship |
| 13:49 | Queue | Fishing Ship |
| 13:49 | Queue | Fishing Ship |
| 14:22 | Queue | Fishing Ship |
| 14:23 | Queue | Fishing Ship |
| 14:30 | Build | Palisade Wall |
| 14:33 | Build | Palisade Wall |
| 14:48 | Research | Feudal Age |
| 14:58 | Build | Mill |
| 15:26 | Build | Dock |
| 15:35 | Queue | Fishing Ship |
| 15:35 | Queue | Fishing Ship |
| 15:35 | Queue | Fishing Ship |
| 16:15 | Build | Palisade Wall |
| 16:16 | Build | Palisade Wall |
| 16:18 | Build | Palisade Wall |
| 16:31 | Queue | Villager (Male) |
| 16:31 | Queue | Villager (Male) |
| 16:58 | Age | Feudal Age |
| 16:59 | Queue | Fishing Ship |
| 16:59 | Queue | Fishing Ship |
| 16:59 | Queue | Fishing Ship |
| 17:03 | Research | Tech 906 |
| 17:07 | Build | Blacksmith |
| 17:12 | Build | Market |
| 17:20 | Queue | Fishing Ship |
| 17:20 | Queue | Fishing Ship |
| 17:21 | Queue | Fishing Ship |
| 17:41 | Queue | Villager (Male) |
| 17:45 | Research | Double-Bit Axe |
| 17:45 | Research | Double-Bit Axe |
| 18:01 | Research | Castle Age |
| 18:46 | Queue | Unit 2626 |
| 18:46 | Queue | Unit 2626 |
| 18:46 | Queue | Unit 2626 |
| 18:46 | Queue | Unit 2626 |
| 18:47 | Queue | Unit 2626 |
| 18:47 | Queue | Unit 2626 |
| 19:09 | Build | Dock |
| 19:23 | Queue | Unit 2626 |
| 19:23 | Queue | Unit 2626 |
| 19:26 | Research | Forging |
| 19:27 | Research | Forging |
| 19:33 | Build | House |
| 19:35 | Build | House |
| 19:38 | Build | House |
| 20:23 | Queue | Unit 2626 |
| 20:23 | Queue | Unit 2626 |
| 20:24 | Queue | Unit 2626 |
| 20:41 | Age | Castle Age |
| 20:48 | Build | Barracks |
| 20:50 | Queue | Villager (Male) |
| 20:55 | Build | Monastery |
| 21:01 | Build | Stone Wall |
| 21:15 | Build | Monastery |
| 21:16 | Queue | Villager (Male) |
| 21:16 | Queue | Villager (Male) |
| 21:41 | Queue | Monk |
| 21:41 | Queue | Monk |
| 21:49 | Build | Stone Wall |
| 21:55 | Build | Gate |
| 21:58 | Build | Stone Wall |
| 22:08 | Queue | Monk |
| 22:08 | Queue | Monk |
| 22:15 | Queue | Villager (Male) |
| 22:15 | Queue | Villager (Male) |
| 22:16 | Build | Town Center |
| 22:28 | Build | House |
| 22:31 | Build | Stone Wall |
| 22:39 | Build | House |
| 22:40 | Build | Palisade Wall |
| 22:57 | Queue | Villager (Male) |
| 22:57 | Queue | Villager (Male) |
| 23:04 | Queue | Villager (Male) |
| 23:30 | Queue | Villager (Male) |
| 23:31 | Queue | Villager (Male) ×5 |
| 23:31 | Queue | Villager (Male) ×5 |
Build order — GareBear330
122 actions detected in the replay
| 0:10 | Build | Town Center |
| 0:57 | Build | Dock |
| 1:00 | Build | House |
| 2:39 | Queue | Villager (Male) |
| 2:39 | Queue | Villager (Male) |
| 2:39 | Queue | Villager (Male) |
| 2:39 | Queue | Villager (Male) |
| 2:54 | Build | House |
| 4:06 | Queue | Villager (Male) |
| 4:06 | Queue | Villager (Male) |
| 4:11 | Queue | Fishing Ship |
| 4:41 | Queue | Villager (Male) |
| 5:00 | Queue | Villager (Male) |
| 5:04 | Queue | Fishing Ship |
| 5:24 | Queue | Villager (Male) |
| 5:45 | Queue | Villager (Male) |
| 5:47 | Queue | Fishing Ship |
| 6:14 | Queue | Villager (Male) |
| 6:15 | Queue | Villager (Male) |
| 6:19 | Build | House |
| 6:30 | Research | Loom |
| 6:35 | Queue | Villager (Male) |
| 6:36 | Queue | Villager (Male) |
| 6:36 | Queue | Villager (Male) |
| 7:00 | Queue | Fishing Ship |
| 7:10 | Queue | Villager (Male) |
| 7:10 | Queue | Villager (Male) |
| 7:30 | Build | House |
| 7:49 | Queue | Villager (Male) |
| 7:58 | Queue | Fishing Ship |
| 7:58 | Queue | Fishing Ship |
| 8:15 | Queue | Fishing Ship |
| 8:40 | Build | House |
| 8:53 | Build | House |
| 9:02 | Build | House |
| 9:23 | Queue | Villager (Male) |
| 9:29 | Build | Mill |
| 9:32 | Queue | Villager (Male) |
| 9:48 | Build | Mining Camp |
| 10:20 | Research | Feudal Age |
| 10:20 | Research | Feudal Age |
| 10:44 | Build | House |
| 11:43 | Build | Mining Camp |
| 12:07 | Queue | Villager (Male) |
| 12:30 | Age | Feudal Age |
| 12:33 | Build | Watch Tower |
| 12:40 | Build | Watch Tower |
| 12:43 | Queue | Villager (Male) |
| 12:45 | Build | Blacksmith |
| 12:52 | Queue | Villager (Male) |
| 12:58 | Queue | Villager (Male) |
| 13:09 | Build | Lumber Camp |
| 13:30 | Queue | Villager (Male) |
| 13:46 | Build | Watch Tower |
| 13:51 | Research | Fletching |
| 14:03 | Queue | Villager (Male) |
| 14:19 | Queue | Fishing Ship |
| 14:24 | Queue | Villager (Male) |
| 14:49 | Queue | Villager (Male) |
| 14:52 | Queue | Villager (Male) |
| 14:55 | Queue | Villager (Male) |
| 14:57 | Queue | Villager (Male) |
| 15:12 | Build | Watch Tower |
| 15:14 | Queue | Villager (Male) |
| 15:28 | Research | Double-Bit Axe |
| 16:10 | Build | Watch Tower |
| 16:14 | Queue | Villager (Male) |
| 16:24 | Queue | Villager (Male) |
| 17:10 | Build | Watch Tower |
| 17:23 | Queue | Villager (Male) |
| 17:24 | Build | House |
| 17:27 | Queue | Villager (Male) |
| 17:28 | Build | House |
| 17:30 | Build | House |
| 17:32 | Queue | Villager (Male) |
| 17:35 | Queue | Fishing Ship |
| 17:35 | Queue | Fishing Ship |
| 17:46 | Research | Town Watch |
| 18:19 | Build | Watch Tower |
| 18:21 | Queue | Villager (Male) |
| 18:24 | Queue | Villager (Male) |
| 18:35 | Queue | Villager (Male) |
| 18:38 | Queue | Villager (Male) |
| 19:09 | Build | Watch Tower |
| 19:11 | Queue | Villager (Male) |
| 19:23 | Build | Mill |
| 19:45 | Queue | Villager (Male) |
| 20:20 | Build | Watch Tower |
| 20:32 | Build | Market |
| 21:11 | Build | Watch Tower |
| 21:32 | Build | Watch Tower |
| 22:21 | Queue | Villager (Male) |
| 22:24 | Research | Castle Age |
| 22:32 | Queue | Villager (Male) |
| 22:34 | Build | Barracks |
| 22:36 | Queue | Villager (Male) |
| 23:04 | Build | Lumber Camp |
| 23:18 | Queue | Spearman |
| 23:28 | Queue | Villager (Male) |
| 23:59 | Build | Mining Camp |
| 24:03 | Queue | Villager (Male) |
| 24:15 | Build | House |
| 25:06 | Age | Castle Age |
| 25:14 | Build | Monastery |
| 25:26 | Queue | Villager (Male) |
| 25:31 | Build | Town Center |
| 25:43 | Queue | Monk |
| 25:47 | Build | House |
| 26:00 | Queue | Villager (Male) |
| 26:07 | Queue | Monk |
| 26:08 | Queue | Villager (Male) |
| 26:44 | Queue | Villager (Male) |
| 26:56 | Research | Bow Saw |
| 27:00 | Queue | Villager (Male) |
| 27:02 | Queue | Villager (Male) |
| 27:03 | Queue | Villager (Male) |
| 27:19 | Queue | Villager (Male) |
| 27:36 | Build | Mining Camp |
| 27:45 | Queue | Villager (Male) |
| 28:08 | Research | Bodkin Arrow |
| 28:10 | Queue | Villager (Male) |
| 28:14 | Build | Stable |
Build order — PoopMaster
131 actions detected in the replay
| 0:13 | Build | Town Center |
| 2:03 | Build | House |
| 2:07 | Build | Dock |
| 2:34 | Queue | Villager (Male) |
| 2:35 | Queue | Villager (Male) |
| 2:35 | Queue | Villager (Male) |
| 2:43 | Queue | Villager (Male) |
| 2:57 | Research | Loom |
| 3:12 | Queue | Villager (Male) |
| 3:12 | Queue | Villager (Male) |
| 3:13 | Queue | Villager (Male) |
| 3:13 | Queue | Villager (Male) |
| 4:35 | Build | Palisade Wall |
| 5:02 | Build | House |
| 5:04 | Queue | Villager (Male) |
| 5:04 | Queue | Villager (Male) |
| 5:09 | Build | Palisade Wall |
| 5:12 | Build | Palisade Wall |
| 5:14 | Build | Palisade Wall |
| 6:05 | Queue | Fishing Ship |
| 6:05 | Queue | Fishing Ship |
| 6:12 | Queue | Villager (Male) |
| 6:30 | Queue | Fishing Ship |
| 6:44 | Queue | Villager (Male) |
| 6:57 | Build | House |
| 7:03 | Queue | Villager (Male) |
| 7:23 | Queue | Villager (Male) |
| 8:01 | Queue | Villager (Male) |
| 8:19 | Queue | Villager (Male) |
| 8:45 | Build | Lumber Camp |
| 8:49 | Queue | Villager (Male) |
| 8:55 | Queue | Fishing Ship |
| 8:57 | Build | House |
| 9:21 | Queue | Villager (Male) |
| 9:22 | Queue | Villager (Male) |
| 9:30 | Build | House |
| 9:36 | Queue | Villager (Male) |
| 9:54 | Queue | Villager (Male) |
| 10:10 | Queue | Villager (Male) |
| 10:27 | Queue | Fishing Ship |
| 10:29 | Queue | Fishing Ship |
| 10:53 | Queue | Villager (Male) |
| 10:53 | Queue | Villager (Male) |
| 11:34 | Queue | Villager (Male) |
| 11:35 | Queue | Villager (Male) |
| 11:35 | Queue | Villager (Male) |
| 11:54 | Build | House |
| 12:38 | Build | Town Center |
| 13:04 | Queue | Villager (Male) |
| 13:04 | Queue | Villager (Male) |
| 13:05 | Queue | Villager (Male) |
| 13:05 | Queue | Villager (Male) |
| 13:05 | Queue | Villager (Male) |
| 13:38 | Build | House |
| 14:41 | Queue | Villager (Male) |
| 15:08 | Queue | Villager (Male) |
| 15:09 | Queue | Villager (Male) |
| 15:26 | Queue | Villager (Male) |
| 15:26 | Queue | Villager (Male) |
| 15:57 | Queue | Villager (Male) |
| 16:39 | Queue | Villager (Male) |
| 16:40 | Queue | Villager (Male) |
| 17:20 | Build | House |
| 17:38 | Queue | Villager (Male) |
| 18:11 | Queue | Villager (Male) |
| 18:12 | Queue | Villager (Male) |
| 18:30 | Build | Palisade Wall |
| 18:40 | Queue | Villager (Male) |
| 18:41 | Queue | Villager (Male) |
| 19:32 | Queue | Villager (Male) |
| 19:32 | Queue | Villager (Male) |
| 19:53 | Queue | Villager (Male) |
| 19:53 | Queue | Villager (Male) |
| 19:54 | Queue | Villager (Male) |
| 20:48 | Build | Lumber Camp |
| 21:14 | Build | Palisade Gate |
| 21:30 | Build | Town Center |
| 21:43 | Build | Palisade Gate |
| 22:08 | Queue | Villager (Male) |
| 22:08 | Queue | Villager (Male) |
| 22:08 | Queue | Villager (Male) |
| 22:09 | Queue | Villager (Male) |
| 22:44 | Queue | Fishing Ship |
| 22:44 | Queue | Fishing Ship |
| 22:44 | Queue | Fishing Ship |
| 22:45 | Queue | Fishing Ship |
| 22:45 | Queue | Fishing Ship |
| 23:15 | Queue | Villager (Male) |
| 23:15 | Queue | Villager (Male) |
| 23:50 | Build | Dock |
| 23:54 | Queue | Villager (Male) |
| 24:26 | Build | Palisade Gate |
| 24:33 | Build | Palisade Gate |
| 24:36 | Build | Palisade Gate |
| 24:39 | Build | Palisade Gate |
| 25:06 | Queue | Villager (Male) |
| 25:11 | Build | Lumber Camp |
| 25:13 | Queue | Villager (Male) |
| 25:16 | Queue | Fishing Ship |
| 25:23 | Build | Palisade Wall |
| 25:35 | Build | Palisade Wall |
| 25:49 | Build | Mill |
| 25:55 | Build | Palisade Wall |
| 25:57 | Build | Palisade Wall |
| 25:58 | Build | Palisade Wall |
| 26:00 | Build | Palisade Wall |
| 26:01 | Build | Palisade Wall |
| 26:02 | Build | Palisade Wall |
| 26:05 | Build | House |
| 26:06 | Build | House |
| 26:07 | Build | House |
| 26:13 | Queue | Fishing Ship |
| 26:13 | Queue | Fishing Ship |
| 26:34 | Build | Mill |
| 26:39 | Queue | Villager (Male) |
| 26:40 | Queue | Villager (Male) |
| 26:40 | Queue | Villager (Male) |
| 26:46 | Queue | Villager (Male) |
| 26:55 | Queue | Fishing Ship |
| 26:55 | Queue | Fishing Ship |
| 27:04 | Build | Dock |
| 27:27 | Queue | Villager (Male) |
| 28:12 | Build | Palisade Gate |
| 28:19 | Build | Palisade Wall |
| 28:24 | Build | Palisade Wall |
| 28:29 | Build | Palisade Gate |
| 28:32 | Build | Palisade Wall |
| 28:50 | Queue | Villager (Male) |
| 28:50 | Queue | Villager (Male) |
| 29:04 | Queue | Villager (Male) |
| 29:08 | Build | Mining Camp |
Build order — 姬七兮
61 actions detected in the replay
| 0:10 | Build | Town Center |
| 1:54 | Build | Dock |
| 1:56 | Build | House |
| 2:29 | Queue | Villager (Male) ×4 |
| 3:34 | Queue | Fishing Ship |
| 4:10 | Research | Loom |
| 4:27 | Build | House |
| 4:53 | Queue | Villager (Male) |
| 5:14 | Queue | Fishing Ship |
| 5:45 | Queue | Villager (Male) |
| 6:16 | Queue | Villager (Male) |
| 6:17 | Queue | Villager (Male) |
| 6:17 | Queue | Villager (Male) |
| 6:40 | Queue | Villager (Male) |
| 6:40 | Queue | Villager (Male) |
| 6:49 | Queue | Fishing Ship |
| 7:09 | Queue | Villager (Male) |
| 7:27 | Queue | Villager (Male) |
| 8:18 | Build | Mill |
| 8:23 | Queue | Villager (Male) |
| 8:45 | Build | House |
| 8:53 | Queue | Villager (Male) |
| 8:53 | Queue | Villager (Male) |
| 9:07 | Queue | Villager (Male) |
| 9:21 | Queue | Villager (Male) |
| 9:51 | Queue | Villager (Male) |
| 10:11 | Build | Mining Camp |
| 10:19 | Build | Mining Camp |
| 10:54 | Build | Lumber Camp |
| 11:05 | Research | Feudal Age |
| 11:40 | Build | Palisade Wall |
| 11:56 | Build | House |
| 11:58 | Build | Palisade Wall |
| 12:13 | Build | Palisade Wall |
| 12:32 | Build | Barracks |
| 13:15 | Age | Feudal Age |
| 13:21 | Build | Mining Camp |
| 13:22 | Queue | Villager (Male) |
| 13:29 | Build | Lumber Camp |
| 13:56 | Queue | Villager (Male) |
| 13:56 | Queue | Villager (Male) |
| 14:50 | Build | Watch Tower |
| 14:55 | Queue | Villager (Male) |
| 15:16 | Queue | Villager (Male) |
| 15:30 | Build | House |
| 15:32 | Build | Watch Tower |
| 15:49 | Queue | Villager (Male) |
| 15:49 | Queue | Villager (Male) |
| 16:47 | Queue | Villager (Male) |
| 16:47 | Queue | Villager (Male) |
| 17:11 | Build | Palisade Wall |
| 17:14 | Build | Palisade Wall |
| 17:15 | Build | Palisade Wall |
| 17:16 | Build | Palisade Wall |
| 18:53 | Queue | Fishing Ship |
| 21:00 | Build | Palisade Wall |
| 21:06 | Build | Lumber Camp |
| 24:53 | Build | Lumber Camp |
| 25:26 | Queue | Unit 2626 |
| 26:19 | Build | Mining Camp |
| 27:52 | Build | Town Center |
Build order — EWC Beethoven
First 150 of 200 actions detected
| 0:33 | Build | Town Center |
| 0:52 | Build | Dock |
| 0:54 | Build | House |
| 2:49 | Queue | Villager (Male) |
| 2:49 | Queue | Villager (Male) |
| 2:50 | Queue | Villager (Male) |
| 2:50 | Queue | Villager (Male) |
| 3:50 | Queue | Fishing Ship |
| 3:50 | Queue | Fishing Ship |
| 3:51 | Queue | Fishing Ship |
| 4:15 | Queue | Villager (Male) |
| 4:16 | Queue | Villager (Male) |
| 4:16 | Queue | Villager (Male) |
| 4:48 | Research | Loom |
| 4:48 | Research | Loom |
| 4:49 | Research | Loom |
| 4:51 | Queue | Fishing Ship |
| 4:52 | Build | House |
| 5:30 | Queue | Villager (Male) |
| 5:48 | Queue | Fishing Ship |
| 5:57 | Build | House |
| 6:07 | Queue | Villager (Male) |
| 6:33 | Queue | Fishing Ship |
| 6:40 | Queue | Villager (Male) |
| 6:40 | Queue | Villager (Male) |
| 6:41 | Queue | Villager (Male) |
| 6:50 | Build | House |
| 7:03 | Queue | Villager (Male) |
| 7:03 | Queue | Villager (Male) |
| 7:06 | Queue | Fishing Ship |
| 7:06 | Queue | Fishing Ship |
| 7:06 | Queue | Fishing Ship |
| 7:29 | Queue | Villager (Male) |
| 7:29 | Queue | Villager (Male) |
| 7:29 | Queue | Villager (Male) |
| 7:46 | Queue | Fishing Ship |
| 7:57 | Queue | Villager (Male) |
| 7:57 | Queue | Villager (Male) |
| 8:17 | Queue | Villager (Male) |
| 8:24 | Build | House |
| 8:42 | Queue | Villager (Male) |
| 8:44 | Queue | Fishing Ship |
| 9:14 | Queue | Villager (Male) |
| 9:16 | Queue | Fishing Ship |
| 9:38 | Build | Lumber Camp |
| 9:49 | Queue | Villager (Male) |
| 9:57 | Queue | Fishing Ship |
| 10:02 | Queue | Villager (Male) |
| 10:18 | Build | House |
| 10:28 | Research | Feudal Age |
| 10:28 | Research | Feudal Age |
| 10:28 | Research | Feudal Age |
| 11:21 | Build | Dock |
| 11:22 | Build | House |
| 11:39 | Build | Mill |
| 12:49 | Age | Feudal Age |
| 12:51 | Queue | Villager (Male) |
| 12:54 | Research | Double-Bit Axe |
| 12:55 | Research | Double-Bit Axe |
| 12:57 | Queue | Demolition Raft |
| 12:57 | Queue | Galley |
| 12:57 | Queue | Galley |
| 13:02 | Queue | Galley |
| 13:10 | Queue | Villager (Male) |
| 13:34 | Build | Blacksmith |
| 13:38 | Queue | Villager (Male) |
| 13:50 | Build | House |
| 13:55 | Queue | Villager (Male) |
| 14:04 | Queue | Galley |
| 14:04 | Queue | Galley |
| 14:12 | Queue | Villager (Male) |
| 14:22 | Research | Fletching |
| 14:31 | Queue | Galley |
| 14:48 | Queue | Villager (Male) |
| 15:05 | Queue | Galley |
| 15:06 | Queue | Villager (Male) |
| 15:16 | Build | Market |
| 15:24 | Queue | Villager (Male) |
| 15:40 | Build | House |
| 16:10 | Queue | Villager (Male) |
| 16:14 | Research | Castle Age |
| 16:14 | Research | Castle Age |
| 16:15 | Research | Castle Age |
| 16:26 | Build | Mining Camp |
| 16:34 | Queue | Galley |
| 16:34 | Queue | Galley |
| 16:42 | Build | Dock |
| 16:42 | Build | House |
| 17:21 | Queue | Galley |
| 17:22 | Queue | Galley |
| 17:28 | Research | Stone Mining |
| 17:28 | Research | Stone Mining |
| 17:29 | Research | Stone Mining |
| 18:09 | Queue | Galley |
| 18:09 | Queue | Galley |
| 18:16 | Research | Gold Mining |
| 18:16 | Research | Gold Mining |
| 18:16 | Research | Gold Mining |
| 18:38 | Queue | Galley |
| 18:54 | Age | Castle Age |
| 18:58 | Research | War Galley (upgrade) |
| 18:58 | Research | War Galley (upgrade) |
| 18:58 | Research | War Galley (upgrade) |
| 18:59 | Research | Bodkin Arrow |
| 18:59 | Research | Bodkin Arrow |
| 18:59 | Research | Bodkin Arrow |
| 19:05 | Queue | Villager (Male) |
| 19:39 | Queue | Villager (Male) |
| 19:39 | Queue | Villager (Male) |
| 19:42 | Queue | Galley |
| 20:07 | Queue | Fire Galley |
| 20:10 | Queue | Galley |
| 20:10 | Queue | Galley |
| 20:13 | Queue | Villager (Male) |
| 20:20 | Queue | Galley |
| 20:56 | Build | Castle |
| 21:05 | Queue | Galley |
| 21:06 | Queue | Galley |
| 21:06 | Queue | Galley |
| 21:07 | Queue | Villager (Male) |
| 21:15 | Build | House |
| 21:19 | Research | Wheelbarrow |
| 21:23 | Build | House |
| 21:23 | Build | House |
| 21:23 | Build | House |
| 21:42 | Queue | Galley |
| 21:42 | Queue | Galley |
| 21:42 | Queue | Galley |
| 21:45 | Queue | Villager (Male) |
| 21:45 | Queue | Villager (Male) |
| 22:28 | Queue | Galley |
| 22:28 | Queue | Galley |
| 22:28 | Queue | Galley |
| 22:31 | Queue | Villager (Male) |
| 22:36 | Build | House |
| 22:36 | Build | House |
| 22:36 | Build | House |
| 22:40 | Research | Tech 906 |
| 22:40 | Research | Tech 906 |
| 22:40 | Research | Tech 906 |
| 23:13 | Queue | Galley |
| 23:13 | Queue | Galley |
| 23:13 | Queue | Galley |
| 23:18 | Queue | Villager (Male) |
| 23:22 | Build | Mining Camp |
| 23:27 | Queue | Genoese Crossbowman |
| 23:27 | Queue | Genoese Crossbowman |
| 23:49 | Queue | Galley |
| 23:49 | Queue | Galley |
| 23:59 | Queue | Villager (Male) |
Match timeline
| 0:33 | SpawnShark · first_building Dock |
| 0:52 | EWC Beethoven · first_building Dock |
| 0:57 | GareBear330 · first_building Dock |
| 1:10 | ELBO | SirCaracol · first_building Dock |
| 1:16 | ELBO | SirCaracol · wall_segment Palisade Wall x1 |
| 1:17 | ELBO | SirCaracol · wall_segment Palisade Wall x1 |
| 1:48 | machpatel · first_building Dock |
| 1:54 | 姬七兮 · first_building Dock |
| 1:57 | EWC KukaLLi7 · first_building Dock |
| 2:03 | machpatel · wall_segment Palisade Wall x1 |
| 2:04 | machpatel · wall_segment Palisade Wall x1 |
| 2:07 | PoopMaster · first_building Dock |
| 4:28 | SpawnShark · wall_segment Palisade Wall x1 |
| 4:35 | PoopMaster · wall_segment Palisade Wall x1 |
| 5:09 | PoopMaster · wall_segment Palisade Wall x1 |
| 5:11 | ELBO | SirCaracol · wall_segment Palisade Wall x1 |
| 5:12 | PoopMaster · wall_segment Palisade Wall x1 |
| 5:14 | PoopMaster · wall_segment Palisade Wall x1 |
| 5:14 | ELBO | SirCaracol · wall_segment Palisade Wall x1 |
| 5:16 | ELBO | SirCaracol · wall_segment Palisade Wall x1 |
| 7:33 | machpatel · wall_segment Palisade Wall x1 |
| 7:50 | EWC KukaLLi7 · wall_segment Palisade Wall x1 |
| 7:51 | EWC KukaLLi7 · wall_segment Palisade Wall x1 |
| 8:50 | ELBO | SirCaracol · wall_segment Palisade Wall x1 |
| 8:52 | machpatel · wall_segment Palisade Wall x3 |
| 8:52 | ELBO | SirCaracol · wall_segment Palisade Wall x1 |
| 8:53 | ELBO | SirCaracol · wall_segment Palisade Wall x1 |
| 8:54 | ELBO | SirCaracol · wall_segment Palisade Wall x1 |
| 9:01 | SpawnShark · wall_segment Palisade Wall x1 |
| 9:03 | SpawnShark · wall_segment Palisade Wall x1 |
| 9:04 | SpawnShark · wall_segment Palisade Wall x1 |
| 9:07 | SpawnShark · wall_segment Palisade Wall x1 |
| 9:30 | machpatel · wall_segment Palisade Wall x8 |
| 9:58 | machpatel · wall_segment Palisade Wall x9 |
| 10:41 | SpawnShark · wall_segment Palisade Wall x1 |
| 10:42 | SpawnShark · wall_segment Palisade Wall x1 |
| 10:47 | SpawnShark · wall_segment Palisade Wall x1 |
| 10:50 | SpawnShark · wall_segment Palisade Wall x1 |
| 10:51 | SpawnShark · wall_segment Palisade Wall x1 |
| 10:53 | SpawnShark · wall_segment Palisade Wall x1 |
| 11:15 | ELBO | SirCaracol · first_building Barracks |
| 11:38 | machpatel · wall_segment Palisade Wall x1 |
| 11:40 | machpatel · wall_segment Palisade Wall x8 |
| 11:40 | 姬七兮 · wall_segment Palisade Wall x5 |
| 11:58 | 姬七兮 · wall_segment Palisade Wall x1 |
| 12:13 | 姬七兮 · wall_segment Palisade Wall x1 |
| 12:30 | GareBear330 · age_up feudal |
| 12:32 | 姬七兮 · first_building Barracks |
| 12:43 | SpawnShark · wall_segment Palisade Wall x1 |
| 12:46 | SpawnShark · wall_segment Palisade Wall x1 |
| 12:47 | SpawnShark · wall_segment Palisade Wall x1 |
| 12:49 | SpawnShark · wall_segment Palisade Wall x1 |
| 12:49 | EWC Beethoven · age_up feudal |
| 13:15 | 姬七兮 · age_up feudal |
| 13:17 | ELBO | SirCaracol · age_up feudal |
| 13:20 | ELBO | SirCaracol · first_building Stable |
| 13:39 | machpatel · wall_segment Palisade Wall x13 |
| 13:45 | machpatel · wall_segment Palisade Wall x7 |
| 13:47 | machpatel · wall_segment Palisade Wall x7 |
| 14:14 | EWC KukaLLi7 · age_up feudal |
| 14:30 | machpatel · wall_segment Palisade Wall x1 |
| 14:33 | SpawnShark · age_up feudal |
| 14:33 | machpatel · wall_segment Palisade Wall x5 |
| 15:27 | SpawnShark · wall_segment Stone Wall x1 |
| 15:29 | SpawnShark · wall_segment Stone Wall x1 |
| 15:29 | ELBO | SirCaracol · first_market_sell 500 wood |
| 15:30 | SpawnShark · wall_segment Stone Wall x1 |
| 15:32 | ELBO | SirCaracol · first_market_buy 100 food |
| 16:15 | machpatel · wall_segment Palisade Wall x1 |
| 16:16 | machpatel · wall_segment Palisade Wall x1 |
| 16:18 | machpatel · wall_segment Palisade Wall x1 |
| 16:22 | SpawnShark · wall_segment Stone Wall x2 |
| 16:24 | SpawnShark · wall_segment Stone Wall x7 |
| 16:26 | SpawnShark · wall_segment Stone Wall x8 |
| 16:44 | SpawnShark · wall_segment Stone Wall x9 |
| 16:46 | SpawnShark · wall_segment Stone Wall x4 |
| 16:58 | machpatel · age_up feudal |
| 17:11 | 姬七兮 · wall_segment Palisade Wall x1 |
| 17:14 | 姬七兮 · wall_segment Palisade Wall x1 |
| 17:15 | 姬七兮 · wall_segment Palisade Wall x1 |
| 17:16 | 姬七兮 · wall_segment Palisade Wall x1 |
| 18:30 | PoopMaster · wall_segment Palisade Wall x6 |
| 18:48 | ELBO | SirCaracol · age_up castle |
| 18:51 | ELBO | SirCaracol · first_building Siege Workshop |
| 18:54 | EWC Beethoven · age_up castle |
| 19:05 | ELBO | SirCaracol · first_building Monastery |
| 20:41 | machpatel · age_up castle |
| 20:48 | SpawnShark · wall_segment Stone Wall x1 |
| 20:48 | machpatel · first_building Barracks |
| 20:55 | machpatel · first_building Monastery |
| 20:56 | EWC Beethoven · first_building Castle |
| 21:00 | 姬七兮 · wall_segment Palisade Wall x1 |
| 21:01 | machpatel · wall_segment Stone Wall x2 |
| 21:10 | EWC KukaLLi7 · age_up castle |
| 21:16 | EWC KukaLLi7 · first_building Castle |
| 21:49 | machpatel · wall_segment Stone Wall x2 |
| 21:58 | machpatel · wall_segment Stone Wall x1 |
| 22:18 | SpawnShark · age_up castle |
| 22:31 | machpatel · wall_segment Stone Wall x1 |
| 22:34 | GareBear330 · first_building Barracks |
| 22:40 | EWC KukaLLi7 · first_market_sell 100 food |
| 22:40 | machpatel · wall_segment Palisade Wall x1 |
| 23:55 | GareBear330 · first_market_sell 100 food |
| 23:56 | GareBear330 · first_market_buy 100 wood |
| 23:58 | SpawnShark · first_market_buy 100 wood |
| 24:00 | SpawnShark · first_market_sell 100 food |
| 24:14 | EWC Beethoven · first_building Siege Workshop |
| 24:33 | machpatel · first_market_sell 100 food |
| 24:34 | machpatel · first_market_buy 100 stone |
| 24:38 | GareBear330 · tribute_sent a jugador 1 |
| 24:38 | GareBear330 · tribute_sent a jugador 2 |
| 24:38 | GareBear330 · tribute_sent a jugador 3 |
| 24:38 | GareBear330 · tribute_sent a jugador 4 |
| 24:38 | GareBear330 · tribute_sent a jugador 6 |
| 24:38 | GareBear330 · tribute_sent a jugador 7 |
| 24:38 | GareBear330 · tribute_sent a jugador 8 |
| 24:44 | GareBear330 · tribute_sent a jugador 1 |
| 24:44 | GareBear330 · tribute_sent a jugador 2 |
| 24:44 | GareBear330 · tribute_sent a jugador 3 |
| 24:44 | GareBear330 · tribute_sent a jugador 4 |
| 24:44 | GareBear330 · tribute_sent a jugador 6 |
| 24:44 | GareBear330 · tribute_sent a jugador 7 |
| 24:44 | GareBear330 · tribute_sent a jugador 8 |
| 25:06 | GareBear330 · age_up castle |
| 25:14 | GareBear330 · first_building Monastery |
| 25:23 | PoopMaster · wall_segment Palisade Wall x2 |
| 25:35 | PoopMaster · wall_segment Palisade Wall x1 |
| 25:55 | PoopMaster · wall_segment Palisade Wall x3 |
| 25:57 | PoopMaster · wall_segment Palisade Wall x4 |
| 25:58 | PoopMaster · wall_segment Palisade Wall x4 |
| 26:00 | PoopMaster · wall_segment Palisade Wall x4 |
| 26:01 | PoopMaster · wall_segment Palisade Wall x4 |
| 26:02 | PoopMaster · wall_segment Palisade Wall x4 |
| 28:14 | GareBear330 · first_building Stable |
| 28:19 | PoopMaster · wall_segment Palisade Wall x3 |
| 28:24 | EWC KukaLLi7 · first_market_buy 100 food |
| 28:24 | PoopMaster · wall_segment Palisade Wall x4 |
| 28:32 | PoopMaster · wall_segment Palisade Wall x1 |
| 28:35 | machpatel · resign |
| 29:00 | EWC KukaLLi7 · first_building Barracks |
[ AI ANALYSIS · 1 CREDIT ]
What really happened in this match?
Wolo.gg analyzes every decision: build order, eco, micro, common mistakes by bracket. Personalized analysis on WhatsApp or Discord in 30 seconds.
Civ guide
Persians
Perfil
Jugador #2281967